 Dungeon Crawl Stone Soup version 0.31-a0-233-g139696dc86 (webtiles) character file.

Game seed: 17378673123296254816

338 qw the Shooter (level 6, -1/38 HPs)
             Began as a Gargoyle Hexslinger on July 9, 2023.
             Slain by an orc priest
             ... wielding a +2 dagger of venom
              (4 damage)
             ... on level 4 of the Dungeon.
             The game lasted 00:01:28 (3086 turns).

qw the Shooter (Gargoyle Hexslinger)                Turns: 3086, Time: 00:01:29

Health: -1/38      AC:  9    Str: 11    XL:     6   Next: 55%
Magic:  7/7        EV: 10    Int: 14    God:
Gold:   304        SH:  0    Dex: 14    Spells: 6/7 levels left

rFire   . . .        Y - +1 sling
rCold   . . .        (no shield)
rNeg    + . .        e - +0 ring mail
rPois   inf          (no helmet)
rElec   +            (no cloak)
rCorr   .            (no gloves)
SInv    +            (no boots)
Will    .....        (no amulet)
Stlth   +            c - ring of see invisible
HPRegen 0.26/turn    (no ring)
MPRegen 0.10/turn

%: no passive effects
@: no status effects
A: sickness immunity, AC +4, negative energy resistance 1, electricity
resistance, torment resistance 1, petrification resistance
a: no special abilities


You were on level 4 of the Dungeon.
You visited 1 branch of the dungeon, and saw 4 of its levels.

You collected 304 gold pieces.


Innate Abilities, Weirdness & Mutations

You are immune to sickness and miasma.
Your stone body is resilient. (AC +4)
You are immune to poison.
You resist negative energy. (rN+)
You are resistant to electric shocks. (rElec)
You are resistant to unholy torment.
You are immune to petrification.


   Skills:
 - Level 4.2 Fighting
 + Level 5.3 Ranged Weapons
 - Level 1.0 Armour
 - Level 1.5 Dodging
 - Level 1.0 Spellcasting
 - Level 2.6 Hexes


You had 6 spell levels left.
You knew the following spells:

 Your Spells              Type           Power      Damage    Failure   Level
a - Slow                  Hex            32%        N/A       21%         1

Your spell library contained the following spells:

 Spells                   Type           Power      Damage    Failure   Level
 Inner Flame              Hex/Fire       4%         N/A       71%         3
 Portal Projectile        Hex/Tloc       8%         N/A       71%         3
 Cause Fear               Hex            4%         N/A       90%         4

Inventory:

Hand Weapons
 Y - a +1 sling (weapon)
Armour
 e - a +0 ring mail (worn)
Jewellery
 b - an amulet of faith
 c - a ring of see invisible (left hand)
Scrolls
 i - a scroll of silence {unknown}
Potions
 a - 2 potions of degeneration {unknown}
 d - 3 potions of heal wounds {unknown}
 f - a potion of cancellation {unknown}
 g - a potion of attraction {unknown}
 h - a potion of might
 j - 2 potions of ambrosia {unknown}
 k - a potion of curing {unknown}

Dungeon Overview and Level Annotations

Branches:
Dungeon (4/15)             Temple (0/1) D:4

Altars:
Nemelex Xobeh
Trog


Message History

The orc wizard casts a spell at you. You resist with some effort.
The orc priest mumbles some strange prayers to Beogh against you.
Beogh smites you!
The orc wizard points at you and mumbles some strange words.
The magic dart hits you.
You shoot a sling bullet.
The sling bullet closely misses the orc priest.
The orc priest hits you but does no damage.
You shoot a sling bullet. The sling bullet hits the orc priest.
The orc priest is severely wounded.
The orc priest looks satisfied for a moment.
The orc priest hits you but does no damage.
You shoot a sling bullet.
The sling bullet closely misses the orc priest.
The orc priest hits you but does no damage.
You shoot a sling bullet.
The sling bullet closely misses the orc priest.
The orc priest hits you with a +2 dagger of venom.
The orc wizard gestures at you while chanting.
You resist with some effort.
You shoot a sling bullet.
The sling bullet closely misses the orc priest.
The orc priest closely misses you.
An orc comes into view. It is wielding a +0 club.
The orc priest hits you with a +2 dagger of venom.
You shoot a sling bullet. The orc shouts!
The sling bullet hits the orc priest.
The orc priest is severely wounded.
The orc priest hits you but does no damage.
The orc wizard hits you with a +3 dagger.
You shoot a sling bullet.
The sling bullet barely misses the orc priest.
The orc priest hits you but does no damage.
The orc wizard misses you.
You shoot a sling bullet. The sling bullet hits the orc priest.
The orc priest is almost dead.
The orc priest hits you with a +2 dagger of venom.
You die...

..............................
#.............................
.......................>......
.........................._...
..#...........................
.###........o.........).......
.#
##................%...........
.##
##.........o.................
..##
###.......o@................
#..##
##................7.7.....
##..##
###...............>......
##..## ##..............7.7.....
##..####.......................
##........#...................
##.....####..................
#....## ##.................. #
##...## ##............)......


You could see an orc priest, an orc wizard and an orc.

Vanquished Creatures
  A black bear (D:4)
  An orc priest (D:3)
  A jelly (D:4)
  3 gnolls (D:3)
  5 adders
  2 worms
  7 dart slugs
  5 orcs
  8 ball pythons
  4 bats
  4 endoplasms
  2 giant cockroaches
  12 hobgoblins
  3 jackals (D:1)
  A quokka (D:1)
  4 frilled lizards
  12 goblins
  6 kobolds
  7 rats
88 creatures vanquished.

Notes
Turn   | Place    | Note
-------+----------+-------------------------------------------
     0 | D:1      | qw the Gargoyle Hexslinger began the quest for the Orb.
     0 | D:1      | Reached XP level 1. HP: 12/12 MP: 2/2
     0 | D:1      | 0 ||| qw: Version: 0.3-a-51-g015441d
     0 | D:1      | 0 ||| qw: Game counter: 3804
     0 | D:1      | 0 ||| qw: Melee chars always use a shield: true
     0 | D:1      | 0 ||| qw: God list: Okawaru
     0 | D:1      | 0 ||| qw: Allow faded altars: false
     0 | D:1      | 0 ||| qw: Do Orc after clearing Dungeon:15 true
     0 | D:1      | 0 ||| qw: Do second Lair branch before Depths: true
     0 | D:1      | 0 ||| qw: Lair rune preference: random
     0 | D:1      | 0 ||| qw: Goals: Normal
     0 | D:1      | 0 ||| PLANNING D:1-11
   110 | D:1      | Reached XP level 2. HP: 16/16 MP: 3/3
   219 | D:1      | Reached skill level 3 in Ranged Weapons
   327 | D:1      | Reached XP level 3. HP: 21/21 MP: 4/4
   880 | D:1      | 880 ||| UPGRADING to +0 ring mail.
   890 | D:1      | 890 ||| DROPPING +0 robe.
   891 | D:1      | 891 ||| DROPPING scroll of poison.
   932 | D:2      | Found a bloodstained altar of Trog.
  1020 | D:2      | Reached XP level 4. HP: 19/26 MP: 5/5
  1166 | D:2      | Reached skill level 4 in Ranged Weapons
  1298 | D:2      | Reached skill level 1 in Armour
  1413 | D:2      | 1413 ||| FLEEEEING.
  1632 | D:2      | 1632 ||| UPGRADING to ring of see invisible.
  1633 | D:2      | 1633 ||| READING scroll labelled WOFEISM XIGA.
  1634 | D:2      | 1634 ||| READING scroll labelled HEL QIMATUDWOE.
  1635 | D:2      | 1635 ||| READING scroll labelled JEIPADGHEMA.
  1636 | D:2      | 1636 ||| DRINKING 2 glowing red potions.
  1760 | D:3      | 1760 ||| FLEEEEING.
  1761 | D:3      | 1761 ||| FLEEEEING.
  1762 | D:3      | 1762 ||| FLEEEEING.
  1763 | D:3      | 1763 ||| FLEEEEING.
  1764 | D:3      | 1764 ||| FLEEEEING.
  1912 | D:3      | Reached XP level 5. HP: 30/30 MP: 6/6
  2212 | D:3      | Reached skill level 5 in Ranged Weapons
  2531 | D:3      | 2531 ||| DROPPING amulet of magic regeneration.
  2532 | D:3      | 2532 ||| READING scroll labelled BOM UCROSIUTUC.
  2533 | D:3      | 2533 ||| READING scroll labelled UKLOTZIFU.
  2578 | D:4      | 2578 ||| PLANNING SEWER
  2580 | D:4      | Noticed a black bear
  2590 | D:4      | Killed a black bear
  2591 | D:4      | Reached XP level 6. HP: 29/38 MP: 7/7
  2668 | D:4      | Found a staircase to the Ecumenical Temple.
  2924 | D:4      | Found a sparkling altar of Nemelex Xobeh.
  3045 | D:4      | 3045 ||| FLEEEEING.
  3046 | D:4      | 3046 ||| FLEEEEING.
  3049 | D:4      | 3049 ||| FLEEEEING.
  3050 | D:4      | 3050 ||| FLEEEEING.
  3053 | D:4      | 3053 ||| FLEEEEING.
  3054 | D:4      | 3054 ||| FLEEEEING.
  3055 | D:4      | 3055 ||| FLEEEEING.
  3057 | D:4      | 3057 ||| FLEEEEING.
  3058 | D:4      | 3058 ||| FLEEEEING.
  3059 | D:4      | 3059 ||| FLEEEEING.
  3060 | D:4      | 3060 ||| FLEEEEING.
  3061 | D:4      | 3061 ||| FLEEEEING.
  3062 | D:4      | 3062 ||| FLEEEEING.
  3063 | D:4      | 3063 ||| FLEEEEING.
  3064 | D:4      | 3064 ||| FLEEEEING.
  3065 | D:4      | 3065 ||| FLEEEEING.
  3066 | D:4      | 3066 ||| FLEEEEING.
  3067 | D:4      | 3067 ||| FLEEEEING.
  3068 | D:4      | 3068 ||| FLEEEEING.
  3078 | D:4      | HP: 9/38 [orc priest/divine providence (11)]
  3083 | D:4      | HP: 3/38 [orc priest/+2 dagger of venom (4)]
  3086 | D:4      | Slain by an orc priest

Levels and vault maps discovered:
D:1:      lightli_arrival_isolated_outpost, layout_loops_corners,
          minmay_misc_feat_chi
D:2:      layout_basic, basic_altar
D:3:      layout_loops_cross, nicolae_figureground_sparkle
D:4:      layout_layer_cave, overflow_temple_1_default,
          minmay_temple_entry_trees, cheibrodos_sewer_entry_bend

Skill      XL: |  1  2  3  4  5 |
---------------+----------------+-----
Ranged Weapons | 3 4 5 |  5.3
Fighting       | 2 4 |  4.2
Armour         | 1 |  1.0
Dodging        | |  1.5
Spellcasting   | |  1.0
Hexes          | |  2.6

Action                     |  1- 3 |  4- 6 || total
---------------------------+-------+-------++-------
   Fire: Sling             |   117 |   249 ||   366
    Use: Scroll            |       |     5 ||     5
         Potion            |       |     1 ||     1
 Armour: Robe              |    17 |       ||    17
         Ring mail         |     4 |    66 ||    70
  Dodge: Dodged            |    42 |    69 ||   111

Table legend:
 A = Non-vault XP
 B = Vault XP
 C = Vault XP percentage of total XP
 D = Non-vault monster count
 E = Vault monster count
 F = Vault count percentage of total count
                 A         B        C        D         E       F
            +---------+---------+-------+---------+---------+-------
      Total |     484 |       0 |   0.0 |      88 |       0 |   0.0
            +---------+---------+-------+---------+---------+-------
        D:1 |      60 |       0 |   0.0 |      32 |       0 |   0.0
        D:2 |      72 |       0 |   0.0 |      18 |       0 |   0.0
        D:3 |     141 |       0 |   0.0 |      24 |       0 |   0.0
        D:4 |     211 |       0 |   0.0 |      14 |       0 |   0.0
            +---------+---------+-------+---------+---------+-------
